[Event "Gibraltar Masters 18th"]
[Site "Gibraltar"]
[Date "2020.01.23"]
[Round "3.56"]
[White "Heinemann, Josefine"]
[Black "Gines Esteo, Pedro Antonio"]
[Result "1/2-1/2"]
[ECO "B19"]
[WhiteElo "2317"]
[BlackElo "2482"]
[PlyCount "113"]
[EventDate "2020.01.21"]
[EventType "swiss"]
[EventRounds "10"]
[EventCountry "GGB"]
[SourceTitle "BritBase"]
[Source "John Saunders"]
[SourceDate "2021.06.05"]
[SourceVersion "1"]
[SourceVersionDate "2021.06.05"]
[SourceQuality "1"]
[TimeControl "40/100:0"]
[WhiteClock "1:24:42"]
[BlackClock "0:02:57"]

1. e4 c6 2. d4 d5 3. Nd2 dxe4 4. Nxe4 Bf5 5. Ng3 Bg6 6. h4 h6 7. Nf3 Nd7 8. Bd3 Bxd3 9. Qxd3 e6 10. Bd2 Ngf6 11. O-O-O a5 12. Qe2 Bb4 13. Kb1 O-O 14. c3 Be7 15. Nf1 a4 16. g4 Qa5 17. c4 Bb4 18.
Bxb4 Qxb4 19. g5 Nh5 20.
gxh6 g6 21. a3 Qa5 22. Ng3 Nxg3 23. fxg3 Qh5 24. Qe3 Ra5 25. Rhg1 Nf6 26. Ne5 Ng4 27. Nxg4 Qxg4 28. d5 cxd5 29. Qc3 Qf5+ 30. Ka1 d4 31. Qxd4 Qe5 32. g4 Qxd4 33. Rxd4 g5 34. hxg5 Rxg5 35. Rd7 f5 36. Rg7+ Rxg7 37. hxg7 Rf7 38. gxf5 exf5 39. Kb1 Rxg7 40. Rf1 Rf7 41. Kc2 Kg7 42. Kc3 Kf6 43. Kb4 Ke5 44. Kxa4 Kd4 45. Kb5 f4 46. c5 f3 47. Kb6 Rf6+ 48. Kxb7 Kxc5 49. b4+ Kc4 50. Rf2 Kb5 51. Kc7 Rc6+ 52. Kd7 Rc3 53. Kd6 Re3 54. Kd5 Rxa3 55. Ke4 Kxb4 56. Rxf3 Rxf3 57. Kxf3 1/2-1/2

[Event "Gibraltar Masters 18th"]
[Site "Gibraltar"]
[Date "2020.01.23"]
[Round "3.57"]
[White "Abergel, Thal"]
[Black "Pein, Malcolm"]
[Result "1-0"]
[ECO "D02"]
[WhiteElo "2478"]
[BlackElo "2310"]
[PlyCount "43"]
[EventDate "2020.01.21"]
[EventType "swiss"]
[EventRounds "10"]
[EventCountry "GGB"]
[SourceTitle "BritBase"]
[Source "John Saunders"]
[SourceDate "2021.06.05"]
[SourceVersion "1"]
[SourceVersionDate "2021.06.05"]
[SourceQuality "1"]
[TimeControl "40/100:0"]

1. Nf3 d5 2. g3 Nc6 3. d4 Bf5 4. Bg2 Nb4 5. Na3 e6 6. c3 Nc6 7. Qb3 Rb8 8. Nh4
Bg4 9. h3 Bh5 10. e4 dxe4 11. Bxe4 Be7 12. Qb5 Nf6 13. Bxc6+ bxc6 14. Qxc6+ Nd7
15. Nc4 Bxh4 16. gxh4 O-O 17. Rg1 Qxh4 18. Qxd7 Qe4+ 19. Ne3 Qd3 20. Ng4 Kh8
21. Qxc7 f5 22. Qxg7+ 1-0

[Event "Gibraltar Masters 18th"]
[Site "Gibraltar"]
[Date "2020.01.24"]
[Round "4.1"]
[White "Cheparinov, Ivan"]
[Black "Chigaev, Maksim"]
[Result "1-0"]
[ECO "D87"]
[WhiteElo "2686"]
[BlackElo "2616"]
[PlyCount "59"]
[EventDate "2020.01.21"]
[EventType "swiss"]
[EventRounds "10"]
[EventCountry "GGB"]
[SourceTitle "BritBase"]
[Source "John Saunders"]
[SourceDate "2021.06.05"]
[SourceVersion "1"]
[SourceVersionDate "2021.06.05"]
[SourceQuality "1"]
[TimeControl "40/100:0"]
[WhiteClock "0:30:53"]
[BlackClock "0:29:54"]

1. d4 Nf6 2. c4 g6 3. Nc3 d5 4. cxd5 Nxd5 5. e4 Nxc3 6. bxc3 Bg7 7. Bc4 c5 8. Ne2 O-O 9. O-O Nc6 10. Be3 b6 11. h4 e6 12. h5 Qh4 13.
hxg6 hxg6 14. f3 Bb7 15. Qd2 cxd4 16. cxd4 Qe7 17. Rad1 Rac8 18. Bg5 Qd6 19. Bb5 a6 20. Bxc6 Qxc6 21. Qe3 Qb5 22. Rd2 Rfe8 23. e5 Rc4 24. Kf2 f6 25. exf6 Bf8 26. Qf4 Qf5 27. Qh4 e5 28. Rh1 Kf7 29. Qh7+ Ke6 30. Qg8+ 1-0

[Event "Gibraltar Masters 18th"]
[Site "Gibraltar"]
[Date "2020.01.24"]
[Round "4.2"]
[White "Basso, Pier Luigi"]
[Black "Durarbayli, Vasif"]
[Result "1/2-1/2"]
[ECO "E17"]
[WhiteElo "2600"]
[BlackElo "2625"]
[PlyCount "49"]
[EventDate "2020.01.21"]
[EventType "swiss"]
[EventRounds "10"]
[EventCountry "GGB"]
[SourceTitle "BritBase"]
[Source "John Saunders"]
[SourceDate "2021.06.05"]
[SourceVersion "1"]
[SourceVersionDate "2021.06.05"]
[SourceQuality "1"]
[TimeControl "40/100:0"]
[WhiteClock "0:31:11"]
[BlackClock "0:45:47"]

1. d4 Nf6 2. c4 e6 3. Nf3 b6 4. g3 Bb7 5. Bg2 Be7 6. O-O O-O 7. Re1 a5 8. Bg5 Na6 9. Nc3 Ne4 10. Nxe4 Bxe4 11. Bxe7 Qxe7 12. Ne5 Bxg2 13. Kxg2 c5 14. e4 cxd4 15. Qxd4 d6 16. Nf3 Nb4 17. Re2 Qc7 18. Rd1 Rfd8 19. b3 h6 20. Red2 Rab8 21. a4 Rd7 22. Ne5 Rdd8 23. Nf3 Rd7 24. Ne5 Rdd8 25. Nf3 1/2-1/2

[Event "Gibraltar Masters 18th"]
[Site "Gibraltar"]
[Date "2020.01.24"]
[Round "4.3"]
[White "Mamedyarov, Shakhriyar"]
[Black "Krysa, Leandro"]
[Result "1/2-1/2"]
[ECO "D37"]
[WhiteElo "2770"]
[BlackElo "2522"]
[PlyCount "61"]
[EventDate "2020.01.21"]
[EventType "swiss"]
[EventRounds "10"]
[EventCountry "GGB"]
[SourceTitle "BritBase"]
[Source "John Saunders"]
[SourceDate "2021.06.05"]
[SourceVersion "1"]
[SourceVersionDate "2021.06.05"]
[SourceQuality "1"]
[TimeControl "40/100:0"]
[WhiteClock "0:12:02"]
[BlackClock "0:04:01"]

1. d4 d5 2. c4 e6 3. Nf3 Nf6 4. Nc3 Be7 5. Bf4 O-O 6. a3 b6 7. Qc2 Bb7 8. Rd1 dxc4 9. e4 b5 10. h4 c5 11. dxc5 Nbd7 12. Ng5 e5 13.
Bxe5 Nxe5 14. Rxd8 Raxd8 15. b4 Nd3+ 16. Bxd3 cxd3 17. Qd2 h6 18. Qf4 d2+ 19. Ke2 Rfe8 20. f3 hxg5 21. hxg5 Nd5 22. Nxd5 Bxd5 23. Qh2 Bc4+ 24. Kf2 f5 25. Qh7+ Kf8 26. Qxf5+ Kg8 27. Qh7+ Kf8 28. Qf5+ Kg8 29. Qh7+ Kf8 30. Qf5+ Kg8 31. Qh7+ 1/2-1/2

[Event "Gibraltar Masters 18th"]
[Site "Gibraltar"]
[Date "2020.01.24"]
[Round "4.4"]
[White "Vaibhav, Suri"]
[Black "Vachier-Lagrave, Maxime"]
[Result "1/2-1/2"]
[ECO "B92"]
[WhiteElo "2593"]
[BlackElo "2770"]
[PlyCount "60"]
[EventDate "2020.01.21"]
[EventType "swiss"]
[EventRounds "10"]
[EventCountry "GGB"]
[SourceTitle "BritBase"]
[Source "John Saunders"]
[SourceDate "2021.06.05"]
[SourceVersion "1"]
[SourceVersionDate "2021.06.05"]
[SourceQuality "1"]
[TimeControl "40/100:0"]
[WhiteClock "1:10:55"]
[BlackClock "1:22:30"]

1. e4 c5 2. Nf3 d6 3. d4 cxd4 4. Nxd4 Nf6 5. Nc3 a6 6. Be2 e5 7. Nf3 Be7 8. Bg5 Be6 9. Bxf6 Bxf6 10. O-O O-O 11. Nd5 Nd7 12. Bc4 Rc8 13.
Bb3 Nc5 14. Nxf6+ Qxf6 15. Qxd6 Bxb3 16. Qxf6 gxf6 17. axb3 Nxe4 18. Rfe1 Ng5 19. Nxg5 fxg5 20. Rxe5 Rxc2 21.
Rxg5+ Kh8 22. Rf5 Rxb2 23. Rf3 Kg7 24. h3 Re2 25. Ra4 Re7 26.
Rg4+ Kh8 27. Rgf4 Kg7 28. Rg4+ Kh8 29. Rgf4 Kg7 30. Rg4+ Kh8 1/2-1/2

[Event "Gibraltar Masters 18th"]
[Site "Gibraltar"]
[Date "2020.01.24"]
[Round "4.5"]
[White "Wang, Hao"]
[Black "Moussard, Jules"]
[Result "1-0"]
[ECO "B90"]
[WhiteElo "2758"]
[BlackElo "2600"]
[PlyCount "101"]
[EventDate "2020.01.21"]
[EventType "swiss"]
[EventRounds "10"]
[EventCountry "GGB"]
[SourceTitle "BritBase"]
[Source "John Saunders"]
[SourceDate "2021.06.05"]
[SourceVersion "1"]
[SourceVersionDate "2021.06.05"]
[SourceQuality "1"]
[TimeControl "40/100:0"]
[WhiteClock "0:45:40"]
[BlackClock "0:44:48"]

1. e4 c5 2. Nf3 d6 3. d4 Nf6 4. Nc3 cxd4 5. Nxd4 a6 6. Be3 Nbd7 7. g4 h6 8. a4 Nc5 9. f3 e5 10. Nb3 Nxb3 11. cxb3 Be6 12. Bc4 Rc8 13. Qd3 Qc7 14. Bxe6 fxe6 15. h4 h5 16. g5 Nd7 17. O-O-O Be7 18. Kb1 O-O 19. g6 Qd8 20. Bg5 Nf6 21. Rhg1 Qe8 22. Rg2 Qxg6 23. Rdg1 Qf7 24. Bh6 Ne8 25. Bxg7 Nxg7 26. Rxg7+ Qxg7 27. Rxg7+ Kxg7 28. Ne2 Rf7 29. f4 exf4 30. Nd4 Rf6 31.
Qf3 Rh8 32. Qc3 Kf7 33. e5 dxe5 34. Nf3 Bd6 35. Ng5+ Ke7 36.
Qf3 Rc8 37. Qxb7+ Rc7 38. Qxa6 Rf8 39. Qe2 Kd7 40. b4 Be7 41. Qd3+ Kc8 42. Qa6+ Kb8 43. Nxe6 Rf6 44. Qb5+ Rb7 45. Qxe5+ Kc8 46. Nxf4 Rxf4 47. Qxf4 Rxb4 48. Qf7 Bd8 49. a5 Kb8 50. a6 Rb6 51. a7+ 1-0

[Event "Gibraltar Masters 18th"]
[Site "Gibraltar"]
[Date "2020.01.24"]
[Round "4.7"]
[White "Peralta, Fernando"]
[Black "Le, Quang Liem"]
[Result "1/2-1/2"]
[ECO "E48"]
[WhiteElo "2574"]
[BlackElo "2713"]
[PlyCount "69"]
[EventDate "2020.01.21"]
[EventType "swiss"]
[EventRounds "10"]
[EventCountry "GGB"]
[SourceTitle "BritBase"]
[Source "John Saunders"]
[SourceDate "2021.06.05"]
[SourceVersion "1"]
[SourceVersionDate "2021.06.05"]
[SourceQuality "1"]
[TimeControl "40/100:0"]
[WhiteClock "0:04:35"]
[BlackClock "0:24:28"]

1. d4 Nf6 2. c4 e6 3. Nc3 Bb4 4. e3 O-O 5. Bd3 d5 6. cxd5 exd5 7. Nge2 Re8 8.
Bd2 Bd6 9. Rc1 a6 10. O-O b6 11. Nf4 Bb7 12. Qf3 c5 13. Nfxd5 Nxd5 14. Bc4 Bxh2+ 15. Kxh2 Qc7+ 16. Qg3 Qxg3+ 17. Kxg3 Nf6 18.
dxc5 Re5 19. f3 Rxc5 20. Bb3 Nbd7 21. e4 Rac8 22. Na4 Rxc1 23. Rxc1 b5 24. Rxc8+ Bxc8 25. Nc3 Ne5 26. Bc2 h6 27. b3 g5 28. Ne2 Nc6 29. Kf2 Nd7 30. Ke3 Nde5 31. Nd4 f6 32. Nxc6 Nxc6 33. a4 Be6 34. axb5 axb5 35. Bd3 1/2-1/2

[Event "Gibraltar Masters 18th"]
[Site "Gibraltar"]
[Date "2020.01.24"]
[Round "4.8"]
[White "Alekseenko, Kirill"]
[Black "Aryan, Chopra"]
[Result "1/2-1/2"]
[ECO "C11"]
[WhiteElo "2704"]
[BlackElo "2562"]
[PlyCount "126"]
[EventDate "2020.01.21"]
[EventType "swiss"]
[EventRounds "10"]
[EventCountry "GGB"]
[SourceTitle "BritBase"]
[Source "John Saunders"]
[SourceDate "2021.06.05"]
[SourceVersion "1"]
[SourceVersionDate "2021.06.05"]
[SourceQuality "1"]
[TimeControl "40/100:0"]
[WhiteClock "0:25:19"]
[BlackClock "0:14:23"]

1. e4 e6 2. d4 d5 3. Nc3 Nf6 4. e5 Nfd7 5. Nce2 c5 6. c3 Nc6 7. Nf3 Be7 8. g3 O-O 9. Bg2 b5 10. a3 a5 11. h4 b4 12. axb4 cxd4 13.
Nexd4 Nxd4 14. Qxd4 Bb7 15. Rxa5 Rxa5 16. bxa5 Qxa5 17. O-O Qb6 18. Qf4 Nc5 19. Qg4 Ra8 20. Bh6 Bf8 21. h5 Kh8 22. Be3 Qc7 23.
Rd1 h6 24. Qf4 Ra2 25. b4 Ne4 26. Rc1 Kg8 27. Bf1 Qb8 28. Bd3 Be7 29. Qg4 Kh8 30. c4 d4 31. Bxh6 gxh6 32. Bxe4 Bxe4 33. Qxe4 Qxb4 34. Qf4 Kg7 35. Qg4+ Kf8 36. Qxd4 Bc5 37. Qd8+ Kg7 38. Rf1 Qxc4 39. Kg2 Qe2 40. Qf6+ Kg8 41. Nh2 Qxh5 42. Qf4 Qf5 43. Ng4 Qxf4 44. gxf4 Kg7 45. Rh1 Bd4 46. Kg3 Ra3+ 47. Kg2 Ra2 48. Rh3 Ba7 49. Rh2 Bb6 50. Rh5 Bc5 51. Rh4 Rb2 52. Rh1 Ra2 53. Kg3 Bd4 54. Rh2 Ra3+ 55. f3 Ra1 56. Rd2 Ra4 57. Rd3 h5 58. Nf6 h4+ 59. Kh3 Kg6 60.
Rd2 Kf5 61. Nh5 Kg6 62. Nf6 Kf5 63. Nh5 Kg6 1/2-1/2

[Event "Gibraltar Masters 18th"]
[Site "Gibraltar"]
[Date "2020.01.24"]
[Round "4.9"]
[White "Antipov, Mikhail Al."]
[Black "Ivanchuk, Vassily"]
[Result "1-0"]
[ECO "B13"]
[WhiteElo "2562"]
[BlackElo "2698"]
[PlyCount "75"]
[EventDate "2020.01.21"]
[EventType "swiss"]
[EventRounds "10"]
[EventCountry "GGB"]
[SourceTitle "BritBase"]
[Source "John Saunders"]
[SourceDate "2021.06.05"]
[SourceVersion "1"]
[SourceVersionDate "2021.06.05"]
[SourceQuality "1"]
[TimeControl "40/100:0"]
[WhiteClock "0:04:53"]
[BlackClock "1:05:01"]

1. e4 c6 2. d4 d5 3. exd5 cxd5 4. Bd3 Nf6 5. h3 g6 6. Nf3 Bf5 7. Be2 Bg7 8. O-O O-O 9. c3 Qc7 10. Be3 Nc6 11. Nbd2 Rad8 12. Re1 Rfe8 13. Rc1 h6 14. b4 b6 15. b5 Na5 16. c4 dxc4 17. Nxc4 Nxc4 18. Bxc4 Qb7 19. Ne5 e6 20. Nc6 Rd7 21. Bf4 Be4 22. Be5 Bd5 23.
Bd3 Bxa2 24. Ra1 Bd5 25. Rxa7 Qc8 26. Ra1 Qb7 27. Qa4 Nh5 28. Re3 Rc8 29. Bf1 Bxe5 30. dxe5 Rdc7 31. g4 Ng7 32. Bg2 Rd7 33. Qf4 Kh7 34. Rea3 Bxg2 35. Kxg2 Rxc6 36. bxc6 Qxc6+ 37. Qf3 Qc7 38. Qe4 1-0

[Event "Gibraltar Masters 18th"]
[Site "Gibraltar"]
[Date "2020.01.24"]
[Round "4.10"]
[White "Maze, Sebastien"]
[Black "Jones, Gawain C B"]
[Result "1/2-1/2"]
[ECO "C77"]
[WhiteElo "2550"]
[BlackElo "2679"]
[PlyCount "93"]
[EventDate "2020.01.21"]
[EventType "swiss"]
[EventRounds "10"]
[EventCountry "GGB"]
[SourceTitle "BritBase"]
[Source "John Saunders"]
[SourceDate "2021.06.05"]
[SourceVersion "1"]
[SourceVersionDate "2021.06.05"]
[SourceQuality "1"]
[TimeControl "40/100:0"]
[WhiteClock "0:33:23"]
[BlackClock "0:48:45"]

1. e4 e5 2. Nf3 Nc6 3. Bb5 a6 4. Ba4 Nf6 5. Nc3 Bc5 6. Bxc6 dxc6 7. d3 Qe7 8. h3 Nd7 9. Qe2 Nf8 10. Be3 Bd6 11. d4 f6 12. O-O-O Be6 13.
Kb1 Nd7 14. d5 Bf7 15. Nh4 g6 16. Nf3 Bb4 17. dxc6 bxc6 18. Na4 O-O 19. h4 Nb6 20. Nxb6 cxb6 21. h5 g5 22. Nh2 Qe6 23. b3 a5 24. Ng4 a4 25.
Nh6+ Kg7 26. Nxf7 Rxf7 27. h6+ Kg8 28. Bxb6 Rb7 29. Rd8+ Rxd8 30. Bxd8 Bc3 31. Rd1 axb3 32. cxb3 Bd4 33. Qc2 Kf7 34. Ba5 Kg6 35. Bc3 Bxc3 36. Qxc3 Kxh6 37. f3 Kg6 38. g4 h5 39. gxh5+ Kxh5 40. Rh1+ Kg6 41. Rc1 Rb8 42. Qc4 Qh3 43. Qe2 Qd7 44. Rd1 Qh3 45. Rc1 Qd7 46. Rd1 Qh3 47. Rc1 1/2-1/2

[Event "Gibraltar Masters 18th"]
[Site "Gibraltar"]
[Date "2020.01.24"]
[Round "4.11"]
[White "Maghsoodloo, Parham"]
[Black "Kadric, Denis"]
[Result "1-0"]
[ECO "B07"]
[WhiteElo "2674"]
[BlackElo "2585"]
[PlyCount "51"]
[EventDate "2020.01.21"]
[EventType "swiss"]
[EventRounds "10"]
[EventCountry "GGB"]
[SourceTitle "BritBase"]
[Source "John Saunders"]
[SourceDate "2021.06.05"]
[SourceVersion "1"]
[SourceVersionDate "2021.06.05"]
[SourceQuality "1"]
[TimeControl "40/100:0"]
[WhiteClock "0:41:27"]
[BlackClock "0:09:10"]

1. d4 d6 2. e4 Nf6 3. Nc3 e5 4. Nge2 Be7 5. g3 O-O 6. Bg2 c6 7. a4 a5 8. O-O Na6 9. h3 Nb4 10. f4 Re8 11. Be3 Bf8 12. Bf2 exf4 13.
Nxf4 d5 14. e5 Nd7 15. g4 f6 16. Bh4 Be7 17. Ne6 Qb6 18. Kh1 Bd8 19. Nxd8 Qxd8 20. Ne2 Rf8 21. Qd2 Na6 22. Ng3 Nc7 23. Nh5 Ne6 24. exf6 Nxf6 25. Bxf6 gxf6 26. Qh6 1-0

[Event "Gibraltar Masters 18th"]
[Site "Gibraltar"]
[Date "2020.01.24"]
[Round "4.12"]
[White "Adhiban, Baskaran"]
[Black "Lalith, Babu M R"]
[Result "1/2-1/2"]
[ECO "C82"]
[WhiteElo "2654"]
[BlackElo "2558"]
[PlyCount "63"]
[EventDate "2020.01.21"]
[EventType "swiss"]
[EventRounds "10"]
[EventCountry "GGB"]
[SourceTitle "BritBase"]
[Source "John Saunders"]
[SourceDate "2021.06.05"]
[SourceVersion "1"]
[SourceVersionDate "2021.06.05"]
[SourceQuality "1"]
[TimeControl "40/100:0"]
[WhiteClock "0:15:17"]
[BlackClock "0:52:30"]

1. e4 e5 2. Nf3 Nc6 3. Bb5 a6 4. Ba4 Nf6 5. O-O Nxe4 6. d4 b5 7. Bb3 d5 8. dxe5 Be6 9. c3 Bc5 10. Qd3 O-O 11. Nbd2 f5 12. exf6 Nxf6 13. a4 bxa4 14. Rxa4 Qd6 15. Rxa6 Rxa6 16. Qxa6 Ng4 17. h3 Nxf2 18. Rxf2 Qg3 19. Qe2 Ne5 20. Nd4 Rxf2 21. Qxf2 Qxf2+ 22. Kxf2 Bxd4+ 23. cxd4 Nd3+ 24. Ke3 Nxc1 25. Ba4 Kf8 26. Bc2 h6 27. Kf4 Ke7 28. Nb3 Nxb3 29. Bxb3 Kf6 30. h4 g5+ 31. hxg5+ hxg5+ 32. Ke3 1/2-1/2

[Event "Gibraltar Masters 18th"]
[Site "Gibraltar"]
[Date "2020.01.24"]
[Round "4.13"]
[White "Ali Marandi, Cemil Can"]
[Black "Esipenko, Andrey"]
[Result "0-1"]
[ECO "D02"]
[WhiteElo "2546"]
[BlackElo "2654"]
[PlyCount "130"]
[EventDate "2020.01.21"]
[EventType "swiss"]
[EventRounds "10"]
[EventCountry "GGB"]
[SourceTitle "BritBase"]
[Source "John Saunders"]
[SourceDate "2021.06.05"]
[SourceVersion "1"]
[SourceVersionDate "2021.06.05"]
[SourceQuality "1"]
[TimeControl "40/100:0"]
[WhiteClock "0:03:56"]
[BlackClock "0:14:16"]

1. d4 Nf6 2. Nf3 d5 3. Bf4 Bf5 4. e3 e6 5. Bd3 Bd6 6. Bxf5 exf5 7. Qd3 Bxf4 8. exf4 O-O 9. O-O g6 10. Nbd2 c6 11. Rfe1 Na6 12. Ne5 Nc7 13. c3 Ne6 14. g3 Qd6 15. Re2 Rae8 16. Rae1 Kg7 17. f3 Nh5 18. Qc2 c5 19. Qa4 cxd4 20. Qxa7 Qc7 21. Qa4 Nhxf4 22. gxf4 Nxf4 23. Qxd4 Nxe2+ 24. Rxe2 f6 25. f4 fxe5 26. fxe5 Re6 27. Qxd5 Qe7 28. Nf3 Rd8 29. Qc4 Rd1+ 30. Kg2 Qd7 31. Qf4 Qd5 32. Kf2 Re7 33. Qh4 Qc5+ 34. Kg2 Re6 35. Qf4 Qd5 36. Kf2 Qxa2 37. Nd4 Re7 38. e6 Qd5 39. Qg5 Re8 40. Qf4 Re7 41. Qg5 Re8 42. Qf4 Kh8 43. e7 Kg8 44. Qe3 Qe4 45. Qxe4 fxe4 46. Rxe4 Kf7 47. Nf3 Rxe7 48. Rb4 Kg7 49. h4 Rd3 50. Kg2 Kh6 51. Nd4 Kh5 52. Rb5+ Kxh4 53. Nf3+ Kg4 54. Ne5+ Rxe5 55. Rxe5 Rd2+ 56. Kf1 Rxb2 57. Re6 Kf5 58. Rd6 h5 59. c4 g5 60. c5 Kg4 61. c6 bxc6 62. Rxc6 Kh3 63. Rc5 Rg2 64. Rc8 h4 65. Rh8 Kh2 0-1

[Event "Gibraltar Masters 18th"]
[Site "Gibraltar"]
[Date "2020.01.24"]
[Round "4.14"]
[White "Lagarde, Maxime"]
[Black "Werle, Jan"]
[Result "0-1"]
[ECO "C45"]
[WhiteElo "2651"]
[BlackElo "2545"]
[PlyCount "94"]
[EventDate "2020.01.21"]
[EventType "swiss"]
[EventRounds "10"]
[EventCountry "GGB"]
[SourceTitle "BritBase"]
[Source "John Saunders"]
[SourceDate "2021.06.05"]
[SourceVersion "1"]
[SourceVersionDate "2021.06.05"]
[SourceQuality "1"]
[TimeControl "40/100:0"]
[WhiteClock "1:05:23"]
[BlackClock "0:43:06"]

1. e4 e5 2. Nf3 Nc6 3. d4 exd4 4. Nxd4 Bc5 5. Be3 Qf6 6. c3 Nge7 7. Bb5 Bb6 8. O-O O-O 9. a4 a6 10. Bxc6 bxc6 11. Nd2 a5 12. f4 d5 13. f5 dxe4 14. g4 Nd5 15. Nxe4 Qe5 16. Qf3 Nxe3 17. Qxe3 Bb7 18. Rf4 Rad8 19. Re1 Rfe8 20. Kg2 c5 21. Nf3 c4 22. Qc1 Bxe4 23. Rfxe4 Qxe4 24. Rxe4 Rxe4 25. Nd4 Bxd4 26. cxd4 Rxg4+ 27. Kf3 Rgxd4 28. Qe1 Rd3+ 29. Kg2 Rd2+ 30. Kg3 R2d3+ 31. Kg2 Rd2+ 32. Kg3 h5 33. Qe5 R2d3+ 34. Kg2 Rd2+ 35. Kg3 R2d3+ 36. Kg2 Rb8 37. f6 Rd2+ 38. Kg3 Rb3+ 39. Kh4 Rbxb2 40. Qe8+ Kh7 41. Qe4+ g6 42. Qe7 Rd4+ 43. Kg3 Rd3+ 44. Kh4 Rxh2+ 45. Kg5 Rg2+ 46. Kf4 Rf2+ 47. Kg5 Rf5+ 0-1

[Event "Gibraltar Masters 18th"]
[Site "Gibraltar"]
[Date "2020.01.24"]
[Round "4.15"]
[White "Donchenko, Alexander"]
[Black "Kaidanov, Gregory"]
[Result "0-1"]
[ECO "D31"]
[WhiteElo "2647"]
[BlackElo "2546"]
[PlyCount "104"]
[EventDate "2020.01.21"]
[EventType "swiss"]
[EventRounds "10"]
[EventCountry "GGB"]
[SourceTitle "BritBase"]
[Source "John Saunders"]
[SourceDate "2021.06.05"]
[SourceVersion "1"]
[SourceVersionDate "2021.06.05"]
[SourceQuality "1"]
[TimeControl "40/100:0"]
[WhiteClock "0:32:12"]
[BlackClock "0:24:36"]

1. c4 e6 2. Nc3 d5 3. d4 c6 4. e4 dxe4 5. Nxe4 Bb4+ 6. Bd2 Qxd4 7. Bxb4 Qxe4+ 8. Be2 Na6 9. Ba5 f6 10. Nf3 b6 11. Nd2 Qf4 12. Bh5+ g6 13.
Bf3 Qe5+ 14. Kf1 Qc7 15. Bc3 e5 16. b4 Ne7 17. Ne4 O-O 18.
Qe2 Nf5 19. Rd1 Be6 20. h4 Qf7 21. Kg1 Rad8 22. Rxd8 Rxd8 23. h5 g5 24. Nxg5 fxg5 25. Qxe5 Kf8 26. h6 Nb8 27. Rh5 Nd7 28.
Qe1 Qg6 29. Qd2 Nxh6 30. Rxg5 Qb1+ 31. Kh2 Nf7 32. Qf4 Qd3 33. Bd4 c5 34. bxc5 bxc5 35. Bg7+ Ke7 36. Rg3 Qxc4 37. Be4 Rg8 38. Qh4+ Ke8 39. Qxh7 Rxg7 40. Rxg7 Nf6 41. Qh4 Nxe4 42. Rg8+ Kd7 43. Ra8 Ned6 44. Rxa7+ Kc6 45. Qg3 Nh6 46.
Qf3+ Kb6 47. Ra8 Ng4+ 48. Kg3 Nf5+ 49. Kh3 Nxf2+ 50. Qxf2 Ne3+ 51. Kg3 Nf1+ 52. Kf3 Bd5# 0-1

[Event "Gibraltar Masters 18th"]
[Site "Gibraltar"]
[Date "2020.01.24"]
[Round "4.16"]
[White "Narayanan, SL."]
[Black "Kobo, Ori"]
[Result "1-0"]
[ECO "B07"]
[WhiteElo "2637"]
[BlackElo "2445"]
[PlyCount "137"]
[EventDate "2020.01.21"]
[EventType "swiss"]
[EventRounds "10"]
[EventCountry "GGB"]
[SourceTitle "BritBase"]
[Source "John Saunders"]
[SourceDate "2021.06.05"]
[SourceVersion "1"]
[SourceVersionDate "2021.06.05"]
[SourceQuality "1"]
[TimeControl "40/100:0"]
[WhiteClock "0:08:56"]
[BlackClock "0:01:20"]

1. e4 d6 2. d4 Nf6 3. Nc3 g6 4. Bf4 Bg7 5. Qd2 c6 6. Bh6 Bxh6 7. Qxh6 e5 8.
Nf3 Qe7 9. dxe5 dxe5 10. Bc4 b5 11. Bb3 Nbd7 12. a3 Nc5 13.
Ba2 Be6 14. Bxe6 Nxe6 15. Nxe5 Nd4 16. O-O-O Qxe5 17. f4 Qc5 18. Qg5 Nxe4 19. Rhe1 Qxg5 20. fxg5 Ne6 21. Nxe4 Ke7 22. Rd3 Rad8 23. Rf3 Rd5 24. Ref1 Nd8 25. h4 Rd4 26. Re3 Kf8 27. c3 Rd7 28. Nf6 Re7 29. Rd3 Kg7 30. h5 gxh5 31. Nxh5+ Kg6 32. Nf4+ Kg7 33. Rd6 Ne6 34. Rxc6 Nxf4 35. Rxf4 Rb8 36. Rd6 Rbb7 37. Rf5 Re1+ 38. Rd1 Re4 39. Rd4 Re2 40. Rd2 Re3 41. Rdd5 a6 42. Kc2 Rg3 43. Rf2 a5 44. a4 bxa4 45. Rxa5 Rg4 46. Ra6 Re7 47. Kb1 Rd7 48. Ka2 Re7 49. Rb6 Rxg5 50. Ka3 Ra7 51. Rb4 Rga5 52. Rff4 Rg5 53. Rxa4 Rxa4+ 54. Rxa4 Rxg2 55. b4 Kf6 56. b5 Ke5 57. b6 Rg8 58. Kb4 f5 59. Kb5 f4 60. b7 f3 61. Ra2 Ke4 62. c4 Rg2 63.
Ra1 Rb2+ 64. Kc6 f2 65. Kc7 h5 66. c5 Kf3 67. b8=Q Rxb8 68. Kxb8 Kg2 69. c6 1-0

[Event "Gibraltar Masters 18th"]
[Site "Gibraltar"]
[Date "2020.01.24"]
[Round "4.17"]
[White "Bellahcene, Bilel"]
[Black "Paravyan, David"]
[Result "0-1"]
[ECO "B95"]
[WhiteElo "2536"]
[BlackElo "2629"]
[PlyCount "138"]
[EventDate "2020.01.21"]
[EventType "swiss"]
[EventRounds "10"]
[EventCountry "GGB"]
[SourceTitle "BritBase"]
[Source "John Saunders"]
[SourceDate "2021.06.05"]
[SourceVersion "1"]
[SourceVersionDate "2021.06.05"]
[SourceQuality "1"]
[TimeControl "40/100:0"]
[WhiteClock "0:00:31"]
[BlackClock "0:05:01"]

1. e4 c5 2. Nf3 d6 3. d4 cxd4 4. Nxd4 Nf6 5. Nc3 a6 6. Bg5 e6 7. Qf3 Nbd7 8. O-O-O Qc7 9. Qg3 b5 10. Bxb5 axb5 11. Ndxb5 Qb7 12. Rxd6 Rxa2 13. Nxa2 Qxb5 14. Rd4 Qa5 15. Nc3 Qa1+ 16. Kd2 Qa7 17. Qd3 Be7 18. Kc1 O-O 19. Kb1 Ne5 20. Qd2 Bd7 21. Rd1 Ra8 22. Kc1 Rb8 23. Qf4 Ng6 24. Qg3 e5 25. Bxf6 exd4 26. Bxd4 Qb7 27. Nd5 Bf8 28. h4 h5 29. Qg5 Ra8 30. b3 Qc6 31. Bb2 Rc8 32. Rd2 Qb5 33.
Nc3 Qxg5 34. hxg5 Be6 35. Nd5 h4 36. g3 hxg3 37. fxg3 Bd6 38. Rd3 Bb8 39. c4 Kf8 40. Kc2 Ne5 41. Rd1 Ng6 42. Rd3 Kg8 43.
Bd4 Re8 44. c5 Bh3 45. Re3 Bg2 46. Kd3 Bf1+ 47. Kd2 Ne7 48. b4 Nc6 49. Bb2 Bc4 50. Nb6 Rd8+ 51. Kc1 Be6 52. Bc3 Kh7 53. Kc2 Kg6 54. Rd3 Bb3+ 55. Kd2 Rxd3+ 56. Kxd3 Bxg3 57. Nc8 Be6 58. Nb6 Kxg5 59. Nc4 Bf2 60. b5 Na7 61. b6 Nc6 62. Bxg7 Bxc5 63. b7 f6 64. e5 f5 65. Bf6+ Kg4 66. Bd8 f4 67. Bc7 Ba7 68. Nd2 f3 69. Ke4 Nb4 0-1

[Event "Gibraltar Masters 18th"]
[Site "Gibraltar"]
[Date "2020.01.24"]
[Round "4.18"]
[White "Moroni, Luca Jr"]
[Black "Yilmaz, Mustafa"]
[Result "1/2-1/2"]
[ECO "A28"]
[WhiteElo "2532"]
[BlackElo "2607"]
[PlyCount "61"]
[EventDate "2020.01.21"]
[EventType "swiss"]
[EventRounds "10"]
[EventCountry "GGB"]
[SourceTitle "BritBase"]
[Source "John Saunders"]
[SourceDate "2021.06.05"]
[SourceVersion "1"]
[SourceVersionDate "2021.06.05"]
[SourceQuality "1"]
[TimeControl "40/100:0"]
[WhiteClock "0:20:28"]
[BlackClock "0:23:33"]

1. c4 e5 2. Nc3 Nf6 3. Nf3 Nc6 4. e3 Bb4 5. Qc2 Bxc3 6. bxc3 d6 7. d3 O-O 8. e4 Nd7 9. Be3 Qe7 10. g3 Nc5 11. Nh4 a6 12. Bg2 b5 13.
O-O Bd7 14. d4 Na4 15. cxb5 axb5 16. f4 Na5 17. fxe5 dxe5 18. Nf5 Qe8 19. dxe5 Nc4 20. Bf4 Nxe5 21. Rad1 Nb6 22. Qf2 f6 23. Qc5 Nbc4 24. Qxc7 Rxa2 25. Nd6 Nxd6 26. Qxd6 Bg4 27. Bxe5 Qxe5 28. Qxe5 fxe5 29. Rxf8+ Kxf8 30. Rd5 Ra1+ 31. Kf2 1/2-1/2